 Dungeon Crawl Stone Soup version 0.25-a0-665-ga69d64035b (webtiles) character file.

Game seed: 4214710887326119333, levelgen mode: deterministic

12338 kae the Zephyrmancer (level 11, -3/54 HPs)
             Began as a Tengu Air Elementalist on Mar 26, 2020.
             Was a Priest of Vehumet.
             Slain by a red ugly thing (22 damage)
             ... on level 11 of the Dungeon.
             The game lasted 00:20:58 (19581 turns).

kae the Zephyrmancer (Tengu Air Elementalist)      Turns: 19581, Time: 00:20:59

Health: -3/54      AC:  4    Str:  9    XL:     11   Next: 91%
Magic:  4/26       EV: 15    Int: 18    God:    Vehumet [***...]
Gold:   691        SH:  0    Dex: 15    Spells: 15/30 levels left

rFire    . . .     SeeInvis .   y - +9 staff of Olgreb {rPois∞}
rCold    . . .     Gourm    +   (no shield)
rNeg     + . .     Faith    .   a - +0 robe
rPois    ∞         Spirit   .   (helmet restricted)
rElec    .         Reflect  .   (no cloak)
rCorr    +         Harm     .   j - +1 pair of gloves
MR       .....                  (boots unavailable)
Stlth    ++........             s - amulet of the gourmand
HPRegen  0.18/turn              k - ring of resist corrosion
MPRegen  0.20/turn              v - ring of positive energy

@: flying quickly and evasively, quick
A: beak, talons 3, mutation resistance 1, able to fly
a: Stop Flying, Renounce Religion


You were on level 11 of the Dungeon.
You worshipped Vehumet.
Vehumet was most pleased with you.
You were not hungry.

You visited 1 branch of the dungeon, and saw 11 of its levels.

You collected 691 gold pieces.

Inventory:

Hand Weapons
 e - a +0 short sword
 f - a +1 short sword of protection
 p - a +1 vampiric scimitar
 y - the +9 staff of Olgreb (weapon) {rPois∞}
   (You found it on level 9 of the Dungeon)

   It grants immunity to poison.
Armour
 a - a +0 robe (worn)
 j - a +1 pair of gloves (worn)
Jewellery
 d - an uncursed ring of ice
 k - a ring of resist corrosion (left hand)
 m - an uncursed ring of ice
 s - an amulet of the gourmand (around neck)
 v - a ring of positive energy (right hand)
 w - the ring of Uskinade {Fire rN+ Str+2}
   (You found it on level 9 of the Dungeon)

   [ring of fire]

   It enhances your fire magic.
   It affects your strength (+2).
   It protects you from fire.
   It makes you vulnerable to cold.
   It protects you from negative energy.
 A - a +3 ring of evasion
Wands
 n - a wand of paralysis (15)
 x - a wand of flame (16)
Scrolls
 b - a scroll of immolation
 i - a scroll of fear
 l - 2 scrolls of teleportation
 q - 8 scrolls of remove curse
 u - 2 scrolls of blinking
Potions
 g - 5 potions of curing
 h - 3 potions of invisibility
 o - 3 potions of degeneration
 r - 3 potions of resistance
 t - 2 potions of might
 z - a potion of ambrosia
 B - a potion of stabbing {unknown}
Comestibles
 c - 9 rations


   Skills:
 + Level 4.0 Staves
 - Level 2.1 Dodging
 - Level 2.0 Stealth
 + Level 10.0 Spellcasting
 + Level 13.5 Conjurations
 + Level 13.5 Air Magic


You had 15 spell levels left.
You knew the following spells:

 Your Spells              Type           Power        Failure   Level  Hunger
a - Shock                 Conj/Air       ####         1%          1    None
b - Static Discharge      Conj/Air       ######..     1%          3    None
c - Airstrike             Air            ######....   1%          4    ###....
d - Swiftness             Chrm/Air       ####....     1%          2    None
e - Lightning Bolt        Conj/Air       ######....   1%          5    #####..

Your spell library contained the following spells:

 Spells                   Type           Power        Failure   Level  Hunger
 Olgreb's Toxic Radiance  Pois           ##......     21%         4    ###....
 Magic Dart               Conj           ####         1%          1    None
 Corpse Rot               Necr/Air       N/A          1%          2    None
 Conjure Flame            Conj/Fire      ####....     1%          3    None
 Mephitic Cloud           Conj/Pois/Air  ######..     1%          3    None
 Blink                    Tloc           N/A          12%         2    None
 Call Imp                 Summ           #.......     12%         2    None
 Slow                     Hex            #.......     12%         2    None
 Sublimation of Blood     Necr           #.........   12%         2    None
 Dispel Undead            Necr           #.......     61%         4    ###....
 Agony                    Necr           #.......     91%         5    #####..
 Excruciating Wounds      Chrm/Necr      #.........   91%         5    #####..


Dungeon Overview and Level Annotations

Branches:
Dungeon (11/15)            Temple (0/1) D:6            Lair (0/6) D:8
    Orc (0/2) D:9

Altars:
Fedhas
Okawaru
Vehumet

Annotations:
D:3 Grinder
D:9 1 runed translucent door


Innate Abilities, Weirdness & Mutations

You have a beak for a mouth.
You have claws for feet.
You can fly continuously.
You are somewhat resistant to further mutation.


Message History

Press: ? - help, Dir - move target cursor, f/p - red ugly thing
Aim: a red ugly thing (severely wounded)
The air twists around and strikes the red ugly thing!
The red ugly thing is almost dead.
Casting: Airstrike (safe; 1% risk of failure)
Confirm with . or Enter, or press ? or * to list all spells.
Aiming: Airstrike (safe; 1% risk of failure)
Press: ? - help, Dir - move target cursor, f/p - red ugly thing
Aim: a red ugly thing (almost dead)
The air twists around and strikes the red ugly thing!
The red ugly thing is almost dead.
The red ugly thing gores you!
You are engulfed in flames!!
Casting: Airstrike (safe; 1% risk of failure)
Confirm with . or Enter, or press ? or * to list all spells.
Aiming: Shock (safe; 1% risk of failure)
Press: ? - help, Shift-Dir - straight line, f/p - red ugly thing
Aim: a red ugly thing (almost dead)
The zap misses the red ugly thing.
The red ugly thing gores you!
You are engulfed in flames!!
You die...

######## ##### ####......#
#...# ...#......# #...#
##.#......# #...# ##.#......#
#...# ##.#......# #...#
##.#......##########..(####..
...#......)).().@u.()..(.....
####.......#########...#####
...........# #.....#
#####.###..#######u....#
..(......)...#.......####
.##).>.....[.............
.##...####.#.#..#.########
.##..^# #.#.#..#........#
.##...####.#.#..#........#


You could see a red ugly thing.

Vanquished Creatures
  The ghost of inmateoo the Frost Mage, a journeyman DrIE of Ashenzari (D:9)
  A hydra (D:11)
  Pikel (D:7)
  An ugly thing (D:10)
  A manticore (D:11)
  Psyche (D:9)
  A centaur zombie (D:11)
  2 kobold demonologists
  2 hornets (D:8)
  A hippogriff (D:9)
  Sigmund (D:4)
  A wraith (D:11)
  4 yaks (D:11)
  3 hungry ghosts
  2 wargs (D:9)
  8 soldier ants
  A water moccasin (D:9)
  3 orc warriors (D:11)
  5 ice beasts
  2 sky beasts
  A slave (D:7)
  2 phantoms
  6 ogres
  5 centaurs
  A crocodile (D:8)
  Blork the orc (D:4)
  2 big kobolds (D:11)
  3 bullfrogs
  A wyvern skeleton (D:11)
  4 scorpions
  14 killer bees
  9 wights
  2 crimson imps
  2 bullfrog zombies
  A quasit (D:8)
  3 bullfrog skeletons
  4 hounds
  4 jellies
  7 orc priests
  Jessica (D:3)
  2 iguanas
  15 worker ants
  8 orc wizards
  A bullfrog simulacrum (D:9)
  A hound zombie (D:11)
  A worker ant zombie (D:6)
  6 gnolls
  18 adders
  4 white imps (D:9)
  2 adder skeletons
  6 dart slugs
  4 worms
  5 leopard geckos
  30 orcs
  2 ball pythons (D:4)
  7 bats
  7 giant cockroaches
  6 goblins
  4 hobgoblins
  4 jackals
  3 quokkas
  8 frilled lizards
  A jackal zombie (D:5)
  17 kobolds
  A leopard gecko skeleton (D:8)
  7 rats
285 creatures vanquished.

Vanquished Creatures (others)
  A bat (D:1)
1 creature vanquished.

Grand Total: 286 creatures vanquished

Notes
Turn   | Place    | Note
-------+----------+-------------------------------------------
     0 | D:1      | kae the Tengu Air Elementalist began the quest for the Orb.
     0 | D:1      | Reached XP level 1. HP: 10/10 MP: 4/4
   183 | D:1      | Reached XP level 2. HP: 9/15 MP: 0/6
   703 | D:1      | Reached XP level 3. HP: 14/19 MP: 1/7
  1512 | D:2      | Reached XP level 4. HP: 24/24 MP: 7/9
  2018 | D:3      | Noticed Grinder
  2105 | D:3      | Noticed Jessica
  2332 | D:3      | Killed Jessica
  2332 | D:3      | Gained mutation: You can fly continuously. [Tengu growth]
  2332 | D:3      | Reached XP level 5. HP: 26/28 MP: 6/11
  2636 | D:2      | Learned a level 3 spell: Static Discharge
  2641 | D:2      | Learned a level 4 spell: Airstrike
  2644 | D:2      | Learned a level 2 spell: Swiftness
  3509 | D:4      | Noticed a phantom
  3698 | D:4      | Killed a phantom
  3698 | D:4      | Reached skill level 5 in Conjurations
  3698 | D:4      | Reached skill level 5 in Air Magic
  3698 | D:4      | Reached XP level 6. HP: 21/32 MP: 0/12
  3887 | D:4      | Found a blossoming altar of Fedhas.
  4105 | D:4      | Noticed Blork the orc
  4146 | D:4      | Noticed Sigmund
  4282 | D:4      | Killed Sigmund
  4282 | D:4      | Reached XP level 7. HP: 36/36 MP: 4/14
  4358 | D:5      | Entered Level 5 of the Dungeon
  4522 | D:4      | Killed Blork the orc
  4772 | D:5      | Reached skill level 5 in Spellcasting
  4772 | D:5      | Reached XP level 8. HP: 25/41 MP: 6/16
  6277 | D:6      | Reached XP level 9. HP: 45/45 MP: 6/19
  6384 | D:6      | Found a radiant altar of Vehumet.
  6415 | D:6      | Became a worshipper of Vehumet
  6579 | D:6      | Found a staircase to the Ecumenical Temple.
  6605 | D:6      | Found an iron altar of Okawaru.
  7539 | D:7      | Noticed Pikel
  7550 | D:7      | Killed Pikel
  7865 | D:8      | Reached skill level 10 in Air Magic
  7913 | D:8      | Reached skill level 10 in Conjurations
  8173 | D:8      | Noticed a five-headed hydra
  8175 | D:8      | Noticed a kobold demonologist
  8486 | D:8      | Found a staircase to the Lair.
  8781 | D:8      | Reached * piety under Vehumet
  8781 | D:8      | Offered knowledge of Magic Dart by Vehumet.
  8801 | D:8      | Learned a level 5 spell: Lightning Bolt
  8948 | D:8      | Noticed a hornet
  8962 | D:8      | Killed a hornet
  8962 | D:8      | Reached XP level 10. HP: 50/50 MP: 9/22
  9472 | D:8      | Killed a kobold demonologist
  9734 | D:9      | Found a runed translucent door.
  9736 | D:9      | Found a runed translucent gate.
  9736 | D:9      | Found a runed translucent gate.
  9742 | D:9      | Found a runed translucent gate.
  9762 | D:9      | Found a runed translucent door.
  9775 | D:9      | Found the +9 staff of Olgreb {rPois∞}
  9795 | D:9      | Noticed Psyche
  9938 | D:9      | Killed Psyche
 10343 | D:9      | Found a staircase to the Orcish Mines.
 10360 | D:9      | Noticed inmateoo's ghost (journeyman DrIE)
 11063 | D:9      | Found a runed translucent gate.
 11063 | D:9      | Found a runed translucent gate.
 11063 | D:9      | Found a runed translucent gate.
 12688 | D:9      | Found a runed translucent door.
 12699 | D:9      | Found a runed translucent door.
 12852 | D:9      | Found a staircase to the Orcish Mines.
 12895 | D:9      | Reached XP level 11. HP: 54/54 MP: 13/25
 13370 | D:9      | Found a runed translucent gate.
 13370 | D:9      | Found a runed translucent gate.
 13370 | D:9      | Found a runed translucent gate.
 13689 | D:9      | Found a staircase to the Orcish Mines.
 13837 | D:9      | Found a runed translucent gate.
 13837 | D:9      | Found a runed translucent gate.
 13837 | D:9      | Found a runed translucent gate.
 14022 | D:9      | Found a runed translucent door.
 14032 | D:9      | Found a runed translucent door.
 14322 | D:9      | Gained mutation: You are somewhat resistant to further
                  | mutation. [potion of mutation]
 14835 | D:9      | Reached ** piety under Vehumet
 14845 | D:9      | Offered knowledge of Sandblast by Vehumet.
 15110 | D:9      | Got the ring of Uskinade {Fire}
 15164 | D:9      | Killed inmateoo's ghost
 15306 | D:9      | Found a staircase to the Orcish Mines.
 15606 | D:9      | Found a runed translucent door.
 15638 | D:9      | Found a runed translucent door.
 16369 | D:10     | Entered Level 10 of the Dungeon
 16406 | D:10     | Noticed a red ugly thing
 16414 | D:10     | Killed a red ugly thing
 16448 | D:10     | Reached skill level 1 in Staves
 17154 | D:11     | Offered knowledge of Ignite Poison by Vehumet.
 17195 | D:11     | Noticed a death knight
 17434 | D:11     | Noticed a manticore
 17437 | D:11     | Killed a manticore
 17488 | D:11     | Noticed a skeletal warrior
 17503 | D:11     | Identified the ring of Uskinade {Fire rN+ Str+2} (You found
                  | it on level 9 of the Dungeon)
 17690 | D:11     | Identified the +3 ring mail "Rischaohi" {rC+++ Str-2}
 17702 | D:11     | Reached *** piety under Vehumet
 18010 | D:11     | Noticed a red ugly thing
 18464 | D:11     | Noticed a six-headed hydra
 18470 | D:11     | Killed a six-headed hydra
 18545 | D:11     | Offered knowledge of Olgreb's Toxic Radiance by Vehumet.
 18592 | D:11     | Reached skill level 10 in Spellcasting
 19581 | D:11     | Slain by a red ugly thing

Levels and vault maps discovered:
D:1:      erik_arrival_blinker_ship, layout_basic, eino_curves_03,
          minmay_tromino_v2
D:2:      layout_loops_ring
D:3:      layout_loops_corners, uniq_jessica, uniq_grinder
D:4:      layout_cave_pools, overflow_temple_1_default, first_ration,
          uniq_blork_the_orc, uniq_sigmund
D:5:      layout_rooms
D:6:      cheibrodos_quashed, layout_basic, minmay_temple_entry_glass,
          kennysheep_flooded_box, okawaru_ov_weapons_minmay
D:7:      layout_gridville, uniq_pikel
D:8:      minmay_ornate_pinched, layout_cave_pods, hangedman_pestilent_swarm
D:9:      layout_cave_pods, david_orc_3, gammafunk_ghost_icy, minivault_23,
          minmay_guarded_unrand_staff_of_olgreb, uniq_psyche
D:10:     due_megacathedral, layout_gridville
D:11:     layout_basic

Skill      XL: |  1  2  3  4  5  6  7  8  9 10 11 |
---------------+----------------------------------+-----
Conjurations   | 2 3 4 5 6 7 8 10 12 13 | 13.5
Spellcasting   | 3 4 5 6 7 9 10 | 10.0
Air Magic      | 5 6 7 8 10 12 13 | 13.5
Staves         | 4 |  4.0
Dodging        | |  2.1
Stealth        | |  2.0

Action                   |  1- 3 |  4- 6 |  7- 9 | 10-12 || total
-------------------------+-------+-------+-------+-------++-------
Melee: Unarmed           |     3 |       |       |       ||     3
       Peck              |     6 |     5 |     9 |     9 ||    29
       Short sword       |    26 |    27 |       |       ||    53
       Kick              |     4 |     7 |    11 |    17 ||    39
       Scimitar          |       |       |    30 |    37 ||    67
       Staff             |       |       |       |    40 ||    40
 Cast: Shock             |    54 |    95 |   223 |   279 ||   651
       Airstrike         |       |     3 |    28 |   131 ||   162
       Static Discharge  |       |     2 |     5 |    24 ||    31
       Swiftness         |       |       |       |     2 ||     2
       Lightning Bolt    |       |       |       |     7 ||     7
 Abil: Fly               |       |     1 |       |       ||     1
  Use: Scroll            |       |    10 |     4 |     7 ||    21
       Potion            |       |       |     2 |     4 ||     6
 Stab: Sleeping          |       |     1 |       |       ||     1
  Eat: Chunk             |     2 |     8 |    16 |    18 ||    44
       Ration            |       |       |     1 |     9 ||    10
Armor: Robe              |    13 |     5 |    10 |    24 ||    52
Dodge: Dodged            |    31 |    20 |    56 |   119 ||   226
       Rpst.: Scimitar   |       |       |    16 |    16 ||    32

Table legend:
 A = Non-vault XP
 B = Vault XP
 C = Vault XP percentage of total XP
 D = Non-vault monster count
 E = Vault monster count
 F = Vault count percentage of total count
                 A         B        C        D         E       F
            +---------+---------+-------+---------+---------+-------
      Total |   11084 |    6543 |  37.1 |     226 |      58 |  20.4
            +---------+---------+-------+---------+---------+-------
        D:1 |      36 |       1 |   2.7 |      20 |       1 |   4.8
        D:2 |     109 |       0 |   0.0 |      31 |       0 |   0.0
        D:3 |      42 |      37 |  46.8 |      16 |       1 |   5.9
        D:4 |     244 |     331 |  57.6 |       9 |       2 |  18.2
        D:5 |     971 |       0 |   0.0 |      31 |       0 |   0.0
        D:6 |     715 |       0 |   0.0 |      15 |       0 |   0.0
        D:7 |     531 |     663 |  55.5 |      11 |       1 |   8.3
        D:8 |     799 |    1593 |  66.6 |      11 |      14 |  56.0
        D:9 |    1424 |    3918 |  73.3 |      22 |      39 |  63.9
       D:10 |     952 |       0 |   0.0 |       9 |       0 |   0.0
       D:11 |    5261 |       0 |   0.0 |      51 |       0 |   0.0
            +---------+---------+-------+---------+---------+-------
